 Dungeon Crawl Stone Soup version 0.28.0-47-ge53b351184 (webtiles) character file.

Game seed: 1646512427839488268

539 KamiKatze the Conjurer (level 7, -6/41 HPs)
             Began as an Octopode Conjurer on Apr 30, 2022.
             Mangled by an ice beast (12 damage)
             ... on level 5 of the Dungeon.
             The game lasted 00:18:59 (4976 turns).

KamiKatze the Conjurer (Octopode Conjurer)          Turns: 4976, Time: 00:18:59

Health: -6/41      AC:  1    Str:  7    XL:     7   Next: 26%
Magic:  5/12       EV: 13    Int: 22    God:
Gold:   261        SH:  5    Dex: 10    Spells: 2/13 levels left

rFire   . . .      SeeInvis +   f - +0 dagger (venom)
rCold   . . .      Faith    .   (no shield)
rNeg    + . .      Spirit   .   (helmet restricted)
rPois   .          Reflect  +   t - amulet of reflection
rElec   .          Harm     .   y - ring of positive energy
rCorr   .          Rampage  .   A - ring of see invisible
Will    .....                   (no ring)
Stlth   +++.......              (no ring)
HPRegen 0.13/turn               (no ring)
MPRegen 0.13/turn               (no ring)
                                (no ring)
                                (no ring)

@: no status effects
A: almost no armour, amphibious, 8 rings, camouflage 1, gelatinous body 1,
(nimble swimmer 1), tentacles
a: no special abilities


You were on level 5 of the Dungeon.
You visited 2 branches of the dungeon, and saw 6 of its levels.

You collected 261 gold pieces.

Inventory:

Hand Weapons
 f - a +0 dagger of venom (weapon)
Missiles
 a - 83 stones (quivered)
 l - 10 poisoned darts
 r - 2 throwing nets
Magical Staves
 d - a staff of death
Jewellery
 t - an amulet of reflection (around mantle)
 y - a ring of positive energy (left tentacle)
 A - a ring of see invisible (right tentacle)
Wands
 j - a wand of iceblast (5)
 m - a wand of flame (21)
Scrolls
 b - 3 scrolls of teleportation {unknown}
 c - a scroll of magic mapping {unknown}
 k - a scroll of enchant armour {unknown}
 n - a scroll of noise {unknown}
 o - a scroll of holy word {unknown}
 q - 2 scrolls of identify {unknown}
 s - a scroll of blinking {unknown}
 u - a scroll of fog {unknown}
 v - 2 scrolls of enchant weapon {unknown}
Potions
 e - 2 potions of resistance {unknown}
 g - a potion of magic {unknown}
 h - 2 potions of lignification {unknown}
 i - a potion of invisibility {unknown}
 p - a potion of mutation {unknown}
 w - a potion of flight {unknown}
 x - a potion of heal wounds {unknown}
 z - 2 potions of curing {unknown}


   Skills:
 - Level 3.0 Dodging
 - Level 3.0 Stealth
 * Level 3.7 Spellcasting
 * Level 5.3 Conjurations
 * Level 3.1 Hexes
 * Level 3.3 Translocations


You had 2 spell levels left.
You knew the following spells:

 Your Spells              Type           Power      Damage    Failure   Level
a - Magic Dart            Conj           100%       1d8       1%          1
b - Searing Ray           Conj           54%        2d6       1%          2
c - Fulminant Prism       Conj/Hex       11%        3d9       21%         4
d - Iskenderun's Mystic   Conj/Tloc      23%        2d6       21%         4

Your spell library contained the following spells:

 Spells                   Type           Power      Damage    Failure   Level
 Dazzling Flash           Conj/Hex       44%        N/A       6%          3
 Tukima's Dance           Hex            18%        N/A       10%         3
 Mephitic Cloud           Conj/Pois/Air  11%        N/A       17%         3
 Passage of Golubria      Tloc           18%        N/A       28%         4
 Ignite Poison            Fire/Tmut/Pois 4%         N/A       34%         3
 Freezing Cloud           Conj/Ice/Air   5%         6-21      83%         5
 Yara's Violent Unravell  Hex/Tmut       5%         3d4       86%         5


Dungeon Overview and Level Annotations

Branches:
Dungeon (5/15)             Temple (1/1) D:4

Altars:
Ashenzari
Cheibriados
Elyvilon
Gozag
Hepliaklqana
Makhleb
Qazlal
Trog
Wu Jian
Yredelemnul
The Shining One
Lugonu


Innate Abilities, Weirdness & Mutations

You cannot wear most types of armour.
You are amphibious.
You can wear up to eight rings at the same time.
Your skin changes colour to match your surroundings (Stealth+).
Your rubbery body absorbs attacks. (AC +1, EV +1)
((You are camouflaged when in or above water. (Stealth+)))
You have tentacles for arms and can constrict up to eight enemies at once.


Message History

The ice beast is severely wounded.
You finish channelling your searing ray.
You block the ice beast's attack.
You hit the ice beast but do no damage.
You tentacle-slap the ice beast, but do no damage.
The ice beast is severely wounded.
The ice beast barely misses you.
You hit the ice beast but do no damage.
The ice beast is severely wounded.
The ice beast closely misses you.
You hit the ice beast but do no damage.
The ice beast is severely wounded.
The ice beast closely misses you.
You barely miss the ice beast. Your squeeze misses the ice beast.
The ice beast is severely wounded.
The ice beast closely misses you.
You hit the ice beast.
The ice beast is poisoned.
The ice beast is severely wounded.
You block the ice beast's attack.
You hit the ice beast but do no damage.
The ice beast is severely wounded.
The ice beast hits you. The ice beast freezes you.
You hit the ice beast but do no damage.
The ice beast is severely wounded.
The ice beast hits you. The ice beast freezes you.
There is a stone staircase leading up here.
Casting: Searing Ray (safe; 1% risk of failure)
Confirm with . or Enter, or press ? or * to list all spells.
Aiming: Searing Ray (safe; 1% risk of failure)
Press: ? - help, Shift-Dir - straight line, f/p - ice beast
Aim: an ice beast (severely wounded, very poisoned, 79% to hit)
The searing ray hits the ice beast.
The ice beast is almost dead. (Press . to maintain the ray.)
The ice beast hits you. The ice beast freezes you!
* * * LOW HITPOINT WARNING * * *
The searing ray misses the ice beast.
The ice beast hits you.
* * * LOW HITPOINT WARNING * * *
The ice beast freezes you!
You die...

..............#
........?.....#
#............#
#............#
#...........#
.......?....#
...........##
.##....Y..##
#....@..#
##.....##
#....## ##...#
#..## ##? #. ##


You could see an ice beast (very poisoned).

Vanquished Creatures
  A sky beast (D:3)
  A black bear (D:5)
  A hound (D:4)
  2 jellies (D:4)
  An orc priest (D:4)
  Jessica (D:3)
  An orc wizard (D:3)
  5 gnolls
  3 adders
  3 worms
  2 dart slugs
  9 orcs
  8 bats
  9 endoplasms
  2 giant cockroaches
  6 goblins
  10 hobgoblins
  5 jackals
  10 kobolds
  4 quokkas
  5 ball pythons
  4 frilled lizards
  10 rats
103 creatures vanquished.

Vanquished Creatures (others)
  7 fulminant prisms
7 creatures vanquished.

Grand Total: 110 creatures vanquished

Notes
Turn   | Place    | Note
-------+----------+-------------------------------------------
     0 | D:1      | KamiKatze the Octopode Conjurer began the quest for the
                  | Orb.
     0 | D:1      | Reached XP level 1. HP: 11/11 MP: 3/3
   211 | D:1      | Reached XP level 2. HP: 11/17 MP: 1/5
   214 | D:1      | Learned a level 2 spell: Searing Ray
   618 | D:1      | Reached XP level 3. HP: 21/21 MP: 3/6
   623 | D:1      | Reached skill level 1 in Translocations
   924 | D:1      | Reached skill level 1 in Hexes
  1336 | D:2      | Reached XP level 4. HP: 27/27 MP: 1/7
  1341 | D:2      | Learned a level 4 spell: Fulminant Prism
  2037 | D:2      | Found a faded altar of an unknown god.
  2300 | D:2      | Reached XP level 5. HP: 31/31 MP: 4/9
  2555 | D:3      | Noticed a sky beast
  2637 | D:3      | Noticed Jessica
  2640 | D:3      | Killed Jessica
  2816 | D:3      | Found a broken altar of Ashenzari.
  3061 | D:3      | Killed a sky beast
  3062 | D:3      | Reached XP level 6. HP: 27/36 MP: 4/10
  3067 | D:3      | Learned a level 4 spell: Iskenderun's Mystic Blast
  3984 | D:4      | Found a staircase to the Ecumenical Temple.
  3990 | D:4      | Reached skill level 5 in Conjurations
  4077 | D:4      | Found a basalt altar of Yredelemnul.
  4259 | D:4      | Reached XP level 7. HP: 29/41 MP: 7/12
  4377 | D:4      | Noticed a steam dragon
  4411 | Temple   | Entered the Ecumenical Temple
  4655 | D:5      | Entered Level 5 of the Dungeon
  4976 | D:5      | Mangled by an ice beast

Illustrated notes

Levels and vault maps discovered:
D:1:      ncdulo_halloftheorcs, layout_rooms
D:2:      layout_basic, hellmonk_ecumenical_altar_crossroads,
          kennysheep_generic_room_11
D:3:      minmay_skewed_foursquare, layout_basic, ashenzari_conservatory_becter,
          kennysheep_generic_room_2, uniq_jessica
D:4:      layout_basic, mainiacjoe_overflow_tiny_flanked,
          nicolae_ru_great_annihilating_truth, minmay_temple_entry_tees,
          bh_walls_and_bars
D:5:      layout_cave_pods, okawaru_trees_2,
          mainiacjoe_overflow_six_doors_small, mainiacjoe_overflow_catwalk,
          abandoned_shop, uniq_ijyb
Temple:   corrupted_temple

Skill      XL: |  1  2  3  4  5  6 |
---------------+-------------------+-----
Translocations | 1 2 3 |  3.3
Stealth        | 3 |  3.0
Hexes          | 1 2 3 |  3.1
Spellcasting   | 3 |  3.7
Conjurations   | 5 |  5.3
Dodging        | 3 |  3.0

Action                   |  1- 3 |  4- 6 |  7- 9 || total
-------------------------+-------+-------+-------++-------
Melee: Unarmed           |     9 |       |       ||     9
       Constrict         |     3 |     2 |     1 ||     6
       Dagger            |    10 |    28 |     8 ||    46
       Tentacles         |       |     3 |       ||     3
       Punch             |       |     1 |     2 ||     3
 Cast: Magic Dart        |    73 |    66 |     9 ||   148
       Searing Ray       |     4 |    17 |     4 ||    25
       Fulminant Prism   |       |     3 |     4 ||     7
Armor: Skin              |     1 |     5 |       ||     6
Dodge: Dodged            |    16 |    19 |     8 ||    43
Block: Other             |       |     1 |     2 ||     3
